 Dungeon Crawl Stone Soup version 0.19-a0-1882-gbb73ea0 (webtiles) character file.

35 jerryfan the Magician (level 3, -6/26 HPs)
             Began as a Draconian Wizard on Oct 14, 2016.
             Mangled by a kobold
             ... wielding a +0 dagger of electrocution
              (13 damage)
             ... on level 2 of the Dungeon.
             The game lasted 00:07:29 (1366 turns).

jerryfan the Magician (Draconian Wizard)            Turns: 1366, Time: 00:07:31

Health: -6/26      AC:  5    Str:  9    XL:     3   Next: 16%
Magic:  6/7        EV: 12    Int: 19    God:
Gold:   41         SH:  0    Dex:  9    Spells: 2 memorised, 5 levels left

rFire  . . .     SeeInvis .     d - +0 dagger (vamp)
rCold  . . .     Gourm    .     (armour unavailable)
rNeg   . . .     Faith    .     (no shield)
rPois  .         Spirit   .     a - +0 hat
rElec  .         Dismiss  .     (no cloak)
rCorr  .         Reflect  .     (no gloves)
MR     .....     Harm     .     (no boots)
Stlth  ++........               (no amulet)
                                (no ring)
                                (no ring)

@: no status effects
A: unfitting armour, cold-blooded, AC +5
a: no special abilities


You were on level 2 of the Dungeon.
You were not hungry.

You visited 1 branch of the dungeon, and saw 2 of its levels.

You collected 41 gold pieces.

Inventory:

Hand Weapons
 d - a +0 vampiric dagger (weapon)
Armour
 a - a +0 hat (worn)
Potions
 e - a potion of agility
Books
 b - a book of Minor Magic

   Spells                             Type                      Level
   a - Magic Dart                     Conjuration                  1
   b - Blink                          Translocation                2
   c - Call Imp                       Summoning                    2
   d - Repel Missiles                 Charms/Air                   2
   e - Slow                           Hexes                        2
   f - Conjure Flame                  Conjuration/Fire             3
   g - Mephitic Cloud                 Conjuration/Poison/Air       3
Comestibles
 c - 2 chunks of flesh


   Skills:
 + Level 0.2 Short Blades
 + Level 2.6 Dodging
 + Level 1.9 Stealth
 + Level 3.4 Spellcasting
 + Level 1.0 Conjurations
 + Level 1.0 Summonings
   Level 1.0 Translocations


You had 5 spell levels left.
You knew the following spells:

 Your Spells              Type           Power        Failure   Level  Hunger
a - Magic Dart            Conj           #...         12%         1    None
b - Call Imp              Summ           #.......     17%         2    ##.....


Dungeon Overview and Level Annotations

Branches:
Dungeon (2/15)

Altars:


Innate Abilities, Weirdness & Mutations

Your plain brown scales are hard. (AC +5)
You cannot fit into any form of body armour.
You are cold-blooded and may be slowed by cold attacks.


Message History

The bat barely misses you. The kobold misses you.
The hobgoblin hits you but does no damage.
You hit the hobgoblin but do no damage.
The hobgoblin is moderately wounded.
The bat hits you but does no damage. The hobgoblin hits you.
The kobold hits you but does no damage.
You are electrocuted!
You hit the hobgoblin.
You feel better.
The hobgoblin is severely wounded.
The bat closely misses you.
The kobold hits you with a dagger of electrocution.
The hobgoblin hits you but does no damage.
Your magical contamination has completely faded away.
You hit the hobgoblin but do no damage.
The hobgoblin is heavily wounded.
The bat hits you but does no damage. The hobgoblin misses you.
The kobold hits you with a dagger of electrocution.
* * * LOW HITPOINT WARNING * * *
You are electrocuted!
Ouch! That really hurt!
You die...

..# ##.## #
#... #.#...
#.#..# ....#
#..# #K.#####
#@b....######
#g####......#
#.##....###.#
#.##.##.#
..##.##.#
####....#
######


You could see a hobgoblin, a bat and a kobold.

Vanquished Creatures
  A dart slug (D:1)
  A ball python (D:1)
  A giant cockroach (D:1)
  A goblin (D:1)
  3 hobgoblins (D:1)
  8 jackals (D:1)
  2 kobolds (D:1)
  4 bats (D:1)
  9 rats
30 creatures vanquished.

Notes
Turn   | Place    | Note
-------+----------+-------------------------------------------
     0 | D:1      | jerryfan the Draconian Wizard began the quest for the Orb.
     0 | D:1      | Reached XP level 1. HP: 14/14 MP: 4/4
   190 | D:1      | Reached XP level 2. HP: 20/20 MP: 1/6
   992 | D:1      | Reached XP level 3. HP: 17/26 MP: 3/7
   996 | D:1      | Learned a level 2 spell: Call Imp
  1366 | D:2      | Mangled by a kobold

Vault maps used:
D:1:      matt_arrival_refuge, serial_glass, glass_columns_b, glass_columns_a,
          glass_columns_b, glass_columns_c, glass_columns_a, glass_columns_a,
          glass_columns_a, glass_columns_a, glass_columns_b, glass_columns_a,
          glass_columns_a, glass_columns_b, glass_columns_a, glass_columns_b,
          minmay_misc_feat_columns
D:2:      hex_tiny, st_stairs_14, kennysheep_boxes

Skill      XL: |  1  2 |
---------------+-------+-----
Dodging        | 2 |  2.6
Short Blades   | |  0.2
Stealth        | |  1.9
Spellcasting   | |  3.4
Conjurations   | |  1.0
Summonings     | |  1.0
Translocations | |  1.0

Action                   || total
-------------------------++-------
Melee: Dagger            ||   123
       Tailslap          ||     6
 Cast: Magic Dart        ||    29
  Use: Potion            ||     2
       Scroll            ||     2
  Eat: Bread ration      ||     1
       Chunk             ||     2
Armor: Skin              ||    91
Dodge: Dodged            ||   207
